 Dungeon Crawl Stone Soup version 0.26.1-11-gd32895ea62 (webtiles) character file.

Game seed: 6031359689486798293

725 Tocho the Conjurer (level 7, -1/55 HPs)
             Began as a Black Draconian Conjurer on June 11, 2021.
             Killed by divine providence
             ... invoked by an orc priest
              (15 damage)
             ... on level 4 of the Dungeon on June 14, 2021.
             The game lasted 00:13:21 (4972 turns).

Tocho the Conjurer (Black Draconian Conjurer)       Turns: 4972, Time: 00:13:22

Health: -1/55      AC:  6    Str:  9    XL:     7   Next: 43%
Magic:  9/13       EV: 13    Int: 21    God:
Gold:   186        SH:  0    Dex:  9    Spells: 11/14 levels left

rFire    . . .     SeeInvis .     - Unarmed
rCold    . . .     Faith    .   (no shield)
rNeg     . . .     Spirit   .   (armour unavailable)
rPois    .         Reflect  .   (helmet restricted)
rElec    +         Harm     .   (no cloak)
rCorr    .         Rampage  .   (no gloves)
Will     .....     Clarity  +   (no boots)
Stlth    ++........             (no amulet)
HPRegen  0.18/turn              (no ring)
MPRegen  0.13/turn              (no ring)

@: no status effects
A: breathe lightning, unfitting armour, claws 1, clarity, sense surroundings 1,
electricity resistance, cold-blooded, AC +6
a: Breathe Lightning


You were on level 4 of the Dungeon.
You visited 1 branch of the dungeon, and saw 4 of its levels.

You collected 186 gold pieces.

Inventory:

Hand Weapons
 c - a +0 hand axe
 k - a +0 war axe
 r - a +0 long sword
Magical Staves
 g - an uncursed staff of poison {unknown}
Jewellery
 i - a cursed ring of teleportation {unknown}
Wands
 l - a wand of flame (24)
 x - a wand of disintegration (7)
Scrolls
 b - 9 scrolls of identify {unknown}
 d - 3 scrolls of teleportation {unknown}
 e - a scroll of immolation {unknown}
 f - a scroll of fear {unknown}
 m - a scroll of amnesia {unknown}
 n - a scroll of enchant weapon {unknown}
 p - 2 scrolls of fog {unknown}
 t - a scroll of remove curse {unknown}
 v - a scroll of enchant armour {unknown}
Potions
 a - 2 potions of mutation
 q - a potion of might {unknown}
 s - a potion of brilliance {unknown}
 u - a potion of curing {unknown}
 w - 2 potions of lignification {unknown}


   Skills:
 + Level 2.0 Fighting
 - Level 2.7 Axes
 + Level 3.1 Dodging
 + Level 3.3 Stealth
 * Level 1.1 Unarmed Combat
 + Level 4.0 Spellcasting
 + Level 6.0 Conjurations


You had 11 spell levels left.
You knew the following spells:

 Your Spells              Type           Power        Failure   Level
a - Magic Dart            Conj           100%         1%          1
b - Searing Ray           Conj           58%          1%          2

Your spell library contained the following spells:

 Spells                   Type           Power        Failure   Level
 Dazzling Flash           Conj/Hex       32%          11%         3
 Fulminant Prism          Conj/Hex       8%           34%         4
 Iskenderun's Mystic Bla  Conj/Tloc      16%          34%         4


Dungeon Overview and Level Annotations

Branches:
Dungeon (4/15)
 Temple: D:4-7

Altars:
Dithmenos


Innate Abilities, Weirdness & Mutations

You can breathe wild blasts of lightning.
Your glossy black scales are hard. (AC +6)
You cannot fit into any form of body armour.
You are resistant to electric shocks. (rElec)
You are cold-blooded and may be slowed by cold attacks.
You have sharp fingernails.
You possess an exceptional clarity of mind.
You passively map a small area around you.


Message History

The orc wizard seems to speed up.
Casting: Searing Ray (safe; 1% risk of failure)
Confirm with . or Enter, or press ? or * to list all spells.
Aiming: Searing Ray (safe; 1% risk of failure)
Press: ? - help, Shift-Dir - straight line, f/p - orc wizard
Aim: an orc wizard, wielding a +0 dagger of protection and wearing a +0 robe (lightly wounded, fast, 26% to evade)
The searing ray hits the orc wizard.
The orc wizard is lightly wounded. (Press . to maintain the ray.)
The searing ray hits the orc wizard!
The orc wizard is severely wounded.
The orc wizard casts a spell at you. The magic dart hits you.
* * * LOW HITPOINT WARNING * * *
The orc closely misses you. The orc wizard barely misses you.
The searing ray hits the orc wizard.
The orc wizard is almost dead.
The orc priest calls down the wrath of Beogh upon you.
Beogh smites you!
You die...

...##......#..# * ,
..............##
#............#.# , *
...............,
...#.......# ,
##.*#.###...o..# , ,
#.. #.#........# *, *,
#..##.#..)....o#####
#...#...).....o@...# ,
##...#..)........#....#
.................# #.##
, .........##.......# #
.......####.......# *
.........##........ ,
................#### ,
, .......###..##### , ,
......### #.# ,


You could see an orc priest, an orc wizard (fast) and an orc.

Vanquished Creatures
  2 phantoms (D:4)
  A centaur (D:4)
  An ogre (D:2)
  A big kobold (D:4)
  A scorpion (D:4)
  2 hounds (D:4)
  10 adders
  An ufetubus (D:2)
  3 oozes
  3 worms
  A dart slug (D:2)
  A leopard gecko (D:4)
  3 orcs (D:4)
  11 bats
  4 giant cockroaches
  14 goblins
  7 hobgoblins
  4 jackals (D:2)
  3 ball pythons
  5 frilled lizards
  9 kobolds
  11 rats
98 creatures vanquished.

Vanquished Creatures (others)
  11 plants (D:4)
11 creatures vanquished.

Grand Total: 109 creatures vanquished

Notes
Turn   | Place    | Note
-------+----------+-------------------------------------------
     0 | D:1      | Tocho the Draconian Conjurer began the quest for the Orb.
     0 | D:1      | Reached XP level 1. HP: 14/14 MP: 3/3
   375 | D:1      | Reached XP level 2. HP: 5/20 MP: 3/5
  1320 | D:2      | Learned a level 2 spell: Searing Ray
  1331 | D:2      | Reached XP level 3. HP: 26/26 MP: 0/6
  1382 | D:2      | Found a shadowy altar of Dithmenos.
  1559 | D:2      | Reached skill level 5 in Conjurations
  1669 | D:2      | Reached XP level 4. HP: 34/34 MP: 2/7
  1761 | D:2      | Reached skill level 1 in Fighting
  2005 | D:2      | Reached skill level 1 in Axes
  2153 | D:2      | Noticed an ogre
  2159 | D:2      | Killed an ogre
  2160 | D:2      | Reached XP level 5. HP: 40/40 MP: 0/9
  3569 | D:3      | Reached XP level 6. HP: 47/47 MP: 6/10
  4416 | D:4      | Gained mutation: You passively map a small area around you.
                  | [potion of mutation]
  4416 | D:4      | Gained mutation: You have sharp fingernails. [potion of
                  | mutation]
  4416 | D:4      | Gained mutation: You possess an exceptional clarity of
                  | mind. [potion of mutation]
  4429 | D:4      | Your scales start taking on a glossy black colour.
  4429 | D:4      | Reached XP level 7. HP: 19/53 MP: 3/12
  4429 | D:4      | Gained mutation: You are resistant to electric shocks.
                  | (rElec) [Black Draconian growth]
  4936 | D:4      | Reached skill level 1 in Unarmed Combat
  4959 | D:4      | Reached skill level 6 in Conjurations
  4972 | D:4      | Killed from afar by an orc priest

Illustrated notes

Levels and vault maps discovered:
D:1:      dpeg_arrival_shelter, layout_basic, minivault_19,
          minmay_misc_feat_diagonals
D:2:      minmay_chambers_of_twos, layout_basic,
          nicolae_dithmenos_through_a_glass_darkly
D:3:      layout_loops_corners, minmay_ruptured
D:4:      layout_cave_pools, minmay_temple_entry_antechambers,
          serial_bayou_ford_a

Skill      XL: |  1  2  3  4  5  6  7 |
---------------+----------------------+-----
Conjurations   | 5 6 |  6.0
Stealth        | 2 3 |  3.3
Fighting       | 1 2 |  2.0
Dodging        | 2 3 |  3.1
Axes           | 1 2 |  2.7
Spellcasting   | 3 4 |  4.0
Unarmed Combat | 1 |  1.1

Action                   |  1- 3 |  4- 6 |  7- 9 || total
-------------------------+-------+-------+-------++-------
Melee: Hand axe          |    26 |       |       ||    26
       Tailslap          |     1 |     3 |     2 ||     6
       War axe           |       |    58 |       ||    58
       Unarmed           |       |       |    17 ||    17
 Cast: Magic Dart        |    58 |    39 |     2 ||    99
       Searing Ray       |       |    19 |     5 ||    24
 Abil: Breathe Lightning |       |       |     1 ||     1
  Use: Potion            |       |     4 |     1 ||     5
 Stab: Sleeping          |       |     3 |       ||     3
Armor: Skin              |    22 |    25 |     5 ||    52
Dodge: Dodged            |    30 |    78 |    15 ||   123
